 Dungeon Crawl Stone Soup version 0.23.0 (webtiles) character file.

Game seed: 14314472786987255399

641 theswoord the Chopper (level 7, -2/50 HPs)
             Began as a Demonspawn Gladiator on Feb 17, 2019.
             Slain by Duvessa
             ... wielding a +0 short sword
              (3 damage)
             ... on level 4 of the Dungeon.
             The game lasted 00:04:43 (2227 turns).

theswoord the Chopper (Demonspawn Gladiator)        Turns: 2227, Time: 00:04:44

Health: -2/50      AC: 11    Str: 20    XL:     7   Next: 26%
Magic:  7/7        EV: 16    Int: 10    God:
Gold:   191        SH:  0    Dex: 20    Spells: 6/6 levels left

rFire    . . .     SeeInvis .   a - +0 war axe
rCold    . . .     Gourm    .   (no shield)
rNeg     . . .     Faith    .   q - -1 chain mail (curse)
rPois    .         Spirit   .   c - +0 helmet
rElec    .         Reflect  .   n - +0 cloak (curse)
rCorr    .         Harm     .   (no gloves)
MR       .....                  l - +1 pair of boots
Stlth    ++........             (no amulet)
HPRegen  0.16/turn              r - ring of flight
MPRegen  0.10/turn              (no ring)

@: mighty, agile, hasted, very quick
A: claws 2, repulsion field 1, nightstalker 2
a: Evoke Flight


You were on level 4 of the Dungeon.
You were not hungry.

You visited 1 branch of the dungeon, and saw 4 of its levels.

You collected 191 gold pieces.

Inventory:

Hand Weapons
 a - a +0 war axe (weapon)
 h - a +0 hand axe
Missiles
 d - a throwing net (quivered)
Armour
 b - a +0 leather armour
 c - a +0 helmet (worn)
 l - a +1 pair of boots (worn)
 n - a cursed +0 cloak (worn)
 q - a cursed -1 chain mail (worn)
Jewellery
 r - a ring of flight (left claw)
Scrolls
 i - a scroll of enchant armour
 j - 4 scrolls of identify
 k - a scroll of fog
 s - a scroll of teleportation
Potions
 e - 2 potions of haste
 p - 2 potions of magic {unknown}
Comestibles
 f - 3 rations
 g - 6 chunks of flesh


   Skills:
 - Level 2.0 Fighting
 + Level 7.8 Axes
 - Level 1.7 Throwing
 - Level 2.6 Dodging


You had 6 spell levels left.
You didn't know any spells.
Your spell library was empty.

Dungeon Overview and Level Annotations

Branches:
Dungeon (4/15)
 Temple: D:4-7

Altars:
Gozag

Annotations:
D:4 Duvessa


Innate Abilities, Weirdness & Mutations

You have very sharp fingernails.
You are surrounded by a mild repulsion field. (EV +2)
You are significantly more attuned to the shadows.


Message History

Duvessa barely misses you. Duvessa hits you but does no damage.
Duvessa hits you but does no damage. Duvessa hits you with a +0 short sword!
* * * LOW HITPOINT WARNING * * *
You feel very mighty all of a sudden. Duvessa hits you with a +0 short sword.
* * * LOW HITPOINT WARNING * * *
Duvessa hits you with a +0 short sword.
* * * LOW HITPOINT WARNING * * *
You slash Duvessa! Duvessa hits you but does no damage.
Duvessa hits you with a +0 short sword!
* * * LOW HITPOINT WARNING * * *
It was a potion of haste.
You feel yourself speed up. Duvessa hits you with a +0 short sword.
* * * LOW HITPOINT WARNING * * *
It was a potion of agility.
You feel agile all of a sudden. Duvessa hits you with a +0 short sword.
You die...

.###.######...#...
...#....#
#..................
........##
#####.......###....
.........#
##.##..#..##....
.........#
#..###...(..#...
.........# #.##
###..#.....
....)....# ##.#
##.###)..
...#...#.######..#
#...)).. .
#####.#...e@.##
####.รท..
#...###### ##...
##### ####


You could see Duvessa (berserk).

Vanquished Creatures
  Sigmund (D:2)
  Eustachio (D:4)
  An ogre (D:4)
  Dowan (D:4)
  Crazy Yiuf (D:2)
  Jessica (D:2)
  3 gnolls (D:4)
  6 adders
  2 oozes
  A worm (D:4)
  3 dart slugs
  A leopard gecko (D:4)
  An orc (D:3)
  5 giant cockroaches
  7 goblins
  6 hobgoblins
  6 jackals
  3 kobolds (D:2)
  8 bats
  4 frilled lizards
  6 rats
68 creatures vanquished.

Notes
Turn   | Place    | Note
-------+----------+-------------------------------------------
     0 | D:1      | theswoord the Demonspawn Gladiator began the quest for the
                  | Orb.
     0 | D:1      | Reached XP level 1. HP: 16/16 MP: 1/1
    25 | D:1      | Reached skill level 3 in Axes
   124 | D:1      | Gained mutation: You are slightly more attuned to the
                  | shadows. [demonic ancestry]
   124 | D:1      | Reached XP level 2. HP: 18/22 MP: 2/2
   352 | D:1      | Reached XP level 3. HP: 27/27 MP: 3/3
   562 | D:2      | Noticed Jessica
   564 | D:2      | Found an opulent altar of Gozag.
   566 | D:2      | Killed Jessica
   566 | D:2      | Reached skill level 4 in Axes
   653 | D:2      | Gained mutation: You are surrounded by a mild repulsion
                  | field. (EV +2) [demonic ancestry]
   653 | D:2      | Reached XP level 4. HP: 14/33 MP: 4/4
   988 | D:2      | Noticed Sigmund
  1010 | D:2      | Killed Sigmund
  1010 | D:2      | Reached skill level 6 in Axes
  1010 | D:2      | Gained mutation: You are significantly more attuned to the
                  | shadows. [demonic ancestry]
  1010 | D:2      | Reached XP level 5. HP: 23/38 MP: 5/5
  1157 | D:2      | Found a runed translucent door.
  1159 | D:2      | Noticed Crazy Yiuf
  1433 | D:2      | Killed Crazy Yiuf
  1433 | D:2      | Gained mutation: You have sharp fingernails. [demonic
                  | ancestry]
  1433 | D:2      | Reached XP level 6. HP: 44/44 MP: 6/6
  1854 | D:4      | Noticed Eustachio
  1886 | D:4      | Killed Eustachio
  1886 | D:4      | Reached skill level 7 in Axes
  2145 | D:4      | Gained mutation: You have very sharp fingernails. [demonic
                  | ancestry]
  2145 | D:4      | Reached XP level 7. HP: 46/50 MP: 7/7
  2199 | D:4      | Noticed Dowan
  2199 | D:4      | Noticed Duvessa
  2210 | D:4      | Killed Dowan
  2226 | D:4      | HP: 1/50 [Duvessa/+0 short sword (2)]
  2227 | D:4      | Slain by Duvessa

Skill      XL: |  1  2  3  4  5  6 |
---------------+-------------------+-----
Axes           | 3 4 6 7 |  7.8
Fighting       | |  2.0
Throwing       | |  1.7
Dodging        | |  2.6

Action                   |  1- 3 |  4- 6 |  7- 9 || total
-------------------------+-------+-------+-------++-------
Melee: War axe           |    29 |    99 |    19 ||   147
       Hand axe          |    67 |    53 |       ||   120
Throw: Throwing net      |       |     2 |     1 ||     3
  Use: Scroll            |       |     6 |       ||     6
       Potion            |       |     1 |     3 ||     4
 Stab: Sleeping          |     4 |     1 |       ||     5
       Held in net/web   |       |     1 |       ||     1
  Eat: Chunk             |       |     4 |     1 ||     5
Armor: Leather armour    |    31 |    14 |       ||    45
       Chain mail        |       |    70 |    12 ||    82
Dodge: Dodged            |    79 |   129 |    11 ||   219

Levels and vault maps discovered:
D:1:      roderic_chinese_lattice_arrival, layout_rooms
D:2:      layout_rooms, grunt_gozag_breadcrumbs, uniq_sigmund, uniq_jessica,
          uniq_crazy_yiuf_cottage
D:3:      layout_rooms
D:4:      layout_rooms, uniq_eustachio, uniq_duvessa, uniq_blork_the_orc
